 Dungeon Crawl Stone Soup version 0.28.0-62-gf88900778d (webtiles) character file.

Game seed: 5899617353408972404

16293 Coron the Quickloader (level 12, -18/116 HPs)
             Began as a Deep Dwarf Wanderer on Mar 18, 2023.
             Was a High Priest of Fedhas.
             Shot with an arrow by a centaur warrior (24 damage)
             ... on level 13 of the Dungeon on Mar 19, 2023.
             The game lasted 01:04:46 (11763 turns).

Coron the Quickloader (Deep Dwarf Wanderer)        Turns: 11763, Time: 01:04:48

Health: -18/116    AC: 22    Str: 30    XL:     12   Next: 8%
Magic:  8/8        EV:  7    Int: 11    God:    Fedhas [*****.]
Gold:   831        SH: 12    Dex: 11    Spells: 13/13 levels left

rFire   + . .      SeeInvis +   a - +1 hand crossbow (freeze)
rCold   + + .      Faith    .   N - +2 kite shield {rC+}
rNeg    . . .      Spirit   .   r - +0 chain mail
rPois   .          Reflect  .   Z - +2 helmet {SInv}
rElec   .          Harm     .   g - scarf {rC+ rF+}
rCorr   .          Rampage  .   y - +1 pair of gloves {Stlth+}
Will    +....                   z - +0 pair of boots
Stlth   ..........              (no amulet)
HPRegen 0.00/turn               i - +6 ring of strength
MPRegen 0.11/turn               H - +4 ring of protection

@: studying Ice Magic
A: damage resistance, heal wounds, sense surroundings 2, no regeneration
a: Heal Wounds, Renounce Religion, Wall of Briars, Grow Ballistomycete,
Overgrow, Grow Oklob


You were on level 13 of the Dungeon.
You worshipped Fedhas.
Fedhas was extremely pleased with you.
You visited 1 branch of the dungeon, and saw 15 of its levels.
You also visited: Ice Cave.

You collected 831 gold pieces.

Inventory:

Hand Weapons
 a - a +1 hand crossbow of freezing (weapon)
 k - a +0 hunting sling
 G - a +3 war axe of freezing
 W - a +0 hand crossbow of freezing
Missiles
 c - 115 bolts (quivered ammo)
 f - 435 stones
 p - 96 sling bullets
 A - 8 atropa-tipped darts
Armour
 g - a scarf of resistance (worn)
 j - a +0 plate armour
 l - the +4 ring mail "Lyris" {Int+5}
   (You found it on level 4 of the Dungeon)

   Int:       It affects your intelligence (+5).
 r - a +0 chain mail (worn)
 y - a +1 pair of gloves of stealth (worn)
 z - a +0 pair of boots (worn)
 M - +0 swamp dragon scales
 N - a +2 kite shield of cold resistance (worn)
 R - a +0 plate armour
 U - +0 ice dragon scales
 Z - a +2 helmet of see invisible (worn)
Jewellery
 i - a +6 ring of strength (left hand)
 H - a +4 ring of protection (right hand)
 J - a ring of poison resistance
 V - a ring of fire
Wands
 b - a wand of mindburst (29)
 t - a wand of flame (9)
 B - a wand of digging (7)
 I - a wand of polymorph (11)
 L - a wand of paralysis (6)
 Q - a wand of charming (10)
 X - a wand of iceblast (6)
Scrolls
 h - 6 scrolls of fog
 m - 4 scrolls of teleportation
 D - a scroll of summoning
 S - a scroll of brand weapon
 Y - a scroll of enchant armour {unknown}
Potions
 o - 5 potions of flight
 q - 3 potions of curing
 E - a potion of magic
 F - 3 potions of haste
 K - 2 potions of mutation
 P - 2 potions of resistance
 T - a potion of might {unknown}


   Skills:
 + Level 10.2 Fighting
 - Level 5.0 Axes
 - Level 12.0 Crossbows
 - Level 9.0 Armour
 - Level 1.2 Stealth
 - Level 8.0 Shields
 - Level 1.0 Spellcasting
 - Level 5.0 Invocations
 - Level 6.1 Evocations


You had 13 spell levels left.
You didn't know any spells.
Your spell library contained the following spells:

 Spells                   Type           Power      Damage    Failure   Level
 Magic Dart               Conj           0%         1d3       97%         1
 Ensorcelled Hibernation  Hex/Ice        0%         N/A       99%         2
 Passwall                 Tmut/Erth      0%         N/A       99%         2
 Searing Ray              Conj           0%         2d4       99%         2
 Sublimation of Blood     Necr           0%         N/A       99%         2
 Conjure Flame            Conj/Fire      0%         6-21      100%        3
 Ignite Poison            Fire/Tmut/Pois 0%         N/A       100%        3
 Mephitic Cloud           Conj/Pois/Air  0%         N/A       100%        3
 Swiftness                Air            0%         N/A       100%        3
 Fulminant Prism          Conj/Hex       0%         3d6       100%        4
 Petrify                  Tmut/Erth      0%         N/A       100%        4
 Sticky Flame             Conj/Fire      0%         2d3       100%        4
 Freezing Cloud           Conj/Ice/Air   0%         6-21      100%        5
 Irradiate                Conj/Tmut      0%         3d13      100%        5
 Starburst                Conj/Fire      0%         6d3       100%        6
 Necromutation            Tmut/Necr      0%         N/A       100%        8


Dungeon Overview and Level Annotations

Branches:
Dungeon (15/15)            Temple (0/1) D:5            Lair (0/6) D:8
    Orc (0/2) D:12          IceCv (visited)
 Vaults: D:13-14     Depths: D:15

Altars:
Elyvilon
Fedhas
Sif Muna
Uskayaw
Zin
The Shining One

Shops:
D:6 [   D:13 ?

Annotations:
D:5 1 exclusion
D:8 2 runed translucent doors
D:9 Erolcha


Innate Abilities, Weirdness & Mutations

You are resistant to damage.
You can heal yourself by infusing magical energy.
You passively map the area around you.
You do not regenerate.


Message History

The centaur warrior wields a +2 shortbow of flaming.
It bursts into flame!
The centaur warrior shoots an arrow.
The arrow hits you! The arrow burns you.
There is an open door here.
A wraith comes into view.
Aiming: Mindburst
Press: ? - help, Shift-Dir - straight line, f - centaur warrior
Aim: a centaur warrior, wielding a +2 shortbow of flaming and quivering arrows (chance to affect: 71%)
The centaur warrior's mind is blasted!!
The centaur warrior shoots an arrow.
You block the arrow.
Aiming: Mindburst
Press: ? - help, Shift-Dir - straight line, f/p - centaur warrior
Aim: a centaur warrior, wielding a +2 shortbow of flaming and quivering arrows (heavily wounded, chance to affect: 71%)
The centaur warrior's mind is blasted!!
The centaur warrior shoots an arrow.
The arrow hits you!
* * * LOW HITPOINT WARNING * * *
The arrow burns you.
The centaur warrior shoots an arrow.
The arrow hits you!
* * * LOW HITPOINT WARNING * * *
The arrow burns you.
Unknown command.
Aiming: Mindburst
Press: ? - help, Shift-Dir - straight line, f/p - centaur warrior
Aim: a centaur warrior, wielding a +2 shortbow of flaming and quivering arrows (almost dead, chance to affect: 71%)
The centaur warrior struggles to resist.
Aiming: Mindburst
Press: ? - help, Shift-Dir - straight line, f/p - centaur warrior
Aim: a centaur warrior, wielding a +2 shortbow of flaming and quivering arrows (almost dead, chance to affect: 71%)
The centaur warrior struggles to resist.
The centaur warrior shoots an arrow.
The arrow hits you!
* * * LOW HITPOINT WARNING * * *
The arrow burns you.
* * * LOW HITPOINT WARNING * * *
Unknown command.
Aiming: Mindburst
Press: ? - help, Shift-Dir - straight line, f/p - centaur warrior
Aim: a centaur warrior, wielding a +2 shortbow of flaming and quivering arrows (almost dead, chance to affect: 71%)
The centaur warrior struggles to resist.
The centaur warrior shoots an arrow.
The arrow hits you!!
You die...
Fedhas appreciates your contribution to the ecosystem.

, ,, ,, *, , * , ,
#.#* , , , , , #.#*
, , ,, #∩#* , , *, ,
, #W#* * , , , ,#.#,
.. ,, * , #c### ...,
, , , ,.,,,
,#.#.##.# , ,, , , ,
..,##,#@#....# ,
,,...#.##'#...##..
,, , ,
,,,......#...#....#
... ,
#........###...###..
,
*#.##......##.......
**,, *
*#......##......# ,
, 8 *
*#..............# *
,* ,
#..............# *,
∩ ............##...#
,


You could see a centaur warrior and a wraith.

Vanquished Creatures
  A boulder beetle (D:11)
  A two-headed ogre (D:12)
  2 bog bodies (IceCv)
  A deep elf pyromancer (D:12)
  A manticore (D:11)
  An ice statue (IceCv)
  A gargoyle (D:7)
  Maggie (D:9)
  An unseen horror (D:10)
  2 komodo dragons (D:8)
  An entropy weaver simulacrum (IceCv)
  2 trolls
  Grinder (D:4)
  A hornet (D:7)
  A slime creature (D:13)
  3 dire elephant simulacra (IceCv)
  27 yaks
  3 wyverns
  2 basilisks (D:8)
  2 vampire mosquitoes (D:11)
  A death yak simulacrum (IceCv)
  An acid dragon (D:11)
  A water moccasin (D:7)
  A sky beast (D:5)
  A swamp drake (D:8)
  2 ice beasts
  3 centaurs
  A phantom (D:5)
  A gnoll sergeant (D:9)
  A kobold brigand (D:9)
  2 bullfrogs
  6 two-headed ogre simulacra (IceCv)
  2 scorpions
  4 cane toad simulacra (IceCv)
  3 elephant simulacra (IceCv)
  22 killer bees
  6 wights
  5 centaur zombies
  3 jellies
  6 hounds
  2 bullfrog skeletons
  2 orc priests
  4 iguanas
  Ijyb (D:5)
  7 orc wizards
  4 spriggan simulacra (IceCv)
  4 troll simulacra (IceCv)
  A polar bear simulacrum (IceCv)
  6 wolf simulacra (IceCv)
  A hound skeleton (D:5)
  8 gnolls
  9 naga simulacra (IceCv)
  5 adders
  18 white imps
  2 ufetubi (IceCv)
  An adder skeleton (D:4)
  4 worms
  6 dart slugs
  23 orcs
  9 ball pythons
  4 bats
  11 endoplasms
  2 giant cockroaches
  6 goblins
  8 hobgoblins
  8 jackals (D:1)
  2 quokkas
  A frilled lizard (D:1)
  10 kobolds
  5 rats
301 creatures vanquished.

Vanquished Creatures (collateral kills)
  8 ballistomycete spores
8 creatures vanquished.

Vanquished Creatures (others)
  A quokka (D:8)
  A ballistomycete spore (D:8)
2 creatures vanquished.

Grand Total: 311 creatures vanquished

Notes
Turn   | Place    | Note
-------+----------+-------------------------------------------
     0 | D:1      | Coron the Deep Dwarf Wanderer began the quest for the Orb.
     0 | D:1      | Coron set off with the following items: a +0 hand crossbow,
                  | a wand of mindburst (7), 25 bolts, a potion of attraction,
                  | a +0 leather armour
     0 | D:1      | Reached XP level 1. HP: 18/18 MP: 2/2
   423 | D:1      | Reached XP level 2. HP: 22/25 MP: 3/3
   435 | D:1      | Found a faded altar of an unknown god.
   444 | D:1      | Prayed at the altar of an unknown god.
   444 | D:1      | Became a worshipper of Fedhas Madash
   444 | D:1      | Reached * piety under Fedhas
   807 | D:1      | Reached XP level 3. HP: 14/32 MP: 4/4
   950 | D:1      | Reached ** piety under Fedhas
  1553 | D:2      | Reached XP level 4. HP: 36/39 MP: 4/4
  1586 | D:2      | Reached skill level 3 in Crossbows
  2162 | D:3      | Reached XP level 5. HP: 25/49 MP: 5/5
  2177 | D:3      | HP: 2/49 [something (2)]
  2477 | D:3      | Reached skill level 1 in Axes
  2849 | D:4      | Reached *** piety under Fedhas
  2962 | D:4      | Reached XP level 6. HP: 21/56 MP: 5/5
  3287 | D:4      | Noticed Grinder
  3304 | D:4      | Killed Grinder
  3305 | D:4      | Reached skill level 4 in Crossbows
  3404 | D:4      | Identified the +4 ring mail "Lyris" {Int+5}
  3740 | D:5      | Entered Level 5 of the Dungeon
  3745 | D:5      | Reached XP level 7. HP: 64/64 MP: 6/6
  3864 | D:5      | Reached skill level 5 in Fighting
  4004 | D:5      | Found a blossoming altar of Fedhas.
  4054 | D:5      | Reached skill level 1 in Invocations
  4133 | D:5      | Noticed Ijyb
  4139 | D:5      | Killed Ijyb
  4157 | D:5      | Reached **** piety under Fedhas
  4316 | D:5      | Found a staircase to the Ecumenical Temple.
  4508 | D:5      | Reached XP level 8. HP: 44/74 MP: 7/9
  5021 | D:6      | Found Qenucas's Armour Boutique.
  5249 | D:6      | Reached skill level 5 in Armour
  5271 | D:6      | Got the Grimoire of Mutagenic Confrontation
  5667 | D:7      | Noticed a gargoyle
  5671 | D:7      | Killed a gargoyle
  5672 | D:7      | Reached skill level 5 in Crossbows
  5709 | D:7      | Noticed a hornet
  5714 | D:7      | Paralysed by a hornet for 1 turns
  5715 | D:7      | Killed a hornet
  5785 | D:7      | Reached skill level 1 in Shields
  5785 | D:7      | Gained mutation: You passively map the area around you.
                  | [Deep Dwarf growth]
  5785 | D:7      | Reached XP level 9. HP: 27/82 MP: 9/9
  5972 | D:7      | Found a glowing golden altar of the Shining One.
  6388 | D:8      | Found a white marble altar of Elyvilon.
  6494 | D:8      | Reached skill level 5 in Axes
  6499 | D:8      | Reached skill level 5 in Invocations
  6820 | D:8      | Found a large runed translucent door.
  6821 | D:8      | Found a large runed translucent door.
  7125 | D:8      | Reached XP level 10. HP: 56/96 MP: 8/8
  7250 | D:8      | Reached skill level 6 in Crossbows
  7287 | D:8      | Reached skill level 7 in Crossbows
  7322 | D:8      | Found a staircase to the Lair.
  7348 | D:8      | Reached skill level 8 in Crossbows
  7562 | D:9      | Found a hide-covered altar of Uskayaw.
  7829 | D:9      | Reached skill level 5 in Shields
  7929 | D:9      | Found a shimmering blue altar of Sif Muna.
  7929 | D:9      | Noticed Maggie
  7933 | D:9      | Killed Maggie
  7978 | D:9      | Reached ***** piety under Fedhas
  8163 | D:9      | Noticed Erolcha
  8532 | D:10     | Entered Level 10 of the Dungeon
  8549 | D:10     | Reached skill level 9 in Crossbows
  8671 | D:10     | Reached XP level 11. HP: 76/106 MP: 9/9
  8676 | D:10     | Reached skill level 10 in Crossbows
  9145 | D:11     | Found a frozen archway.
  9177 | IceCv    | Entered an ice cave
  9253 | IceCv    | Reached skill level 11 in Crossbows
 10002 | IceCv    | Noticed a bog body
 10087 | IceCv    | Reached ****** piety under Fedhas
 10109 | IceCv    | Noticed a bog body
 10110 | IceCv    | Killed a bog body
 10117 | IceCv    | Killed a bog body
 10226 | D:11     | Reached skill level 10 in Fighting
 10854 | D:11     | Found a glowing silver altar of Zin.
 10860 | D:11     | Noticed a boulder beetle
 10994 | D:11     | Killed a boulder beetle
 11056 | D:11     | Reached skill level 12 in Crossbows
 11491 | D:12     | Found a staircase to the Orcish Mines.
 11498 | D:12     | Noticed a two-headed ogre
 11513 | D:12     | Killed a two-headed ogre
 11514 | D:12     | Reached XP level 12. HP: 43/116 MP: 4/8
 11694 | D:12     | You fall into a shaft and drop 3 floors!
 11694 | D:15     | Entered Level 15 of the Dungeon
 11756 | D:13     | Found Lahaam's Magic Scroll Shoppe.
 11757 | D:13     | Noticed a centaur warrior
 11763 | D:13     | Shot with an arrow by a centaur warrior

Illustrated notes

Levels and vault maps discovered:
D:1:      saegor_arrival_simple_d, layout_basic,
          dreamdust_ecumenical_altar_sealed_demon, minmay_pentomino_u4
D:2:      layout_loops_cross
D:3:      layout_basic
D:4:      layout_basic, eino_small_chamber_without_monster,
          minmay_fractal_squares_diagonal_5, uniq_grinder
D:5:      layout_loops_ring, amcnicky_altar_gilded,
          minmay_temple_entry_antechambers, supply_closet_lemuel, uniq_ijyb
D:6:      layout_gridville, serial_shops, nicolae_diamond_shop,
          amcnicky_mini_rare_corridor_liquid
D:7:      layout_rooms, nicolae_tso_carved_into_rock, minmay_strange_pillars,
          minmay_misc_feat_plants, fountainhead, minmay_crystal_room
D:8:      layout_gridville, jmf_multi_god_temple2, elyvilon_altar_4,
          erik_lair_dragon, minmay_liquid_box
D:9:      layout_roguey, eat_drink_and_be_merry_uskayaw,
          nicolae_sif_muna_condensation, uniq_erolcha, uniq_maggie
D:10:     layout_basic
D:11:     layout_irregular_city, portal_ice_cave_entry_imps, zin_statuary
D:12:     layout_stronghold, orc_0_dummy
D:13:     minmay_mutant_horseshoe, layout_cave_pools, serial_shops,
          nicolae_shop_hallway_plus, nicolae_shop_hallway_stairs
D:14:     layout_gridville, erik_vaults_2, lemuel_round_altar
D:15:     grunt_enter_depths_magical_seal, layout_loops_ring,
          minmay_misc_feat_enclosed

Skill      XL: |  1  2  3  4  5  6  7  8  9 10 11 12 |
---------------+-------------------------------------+-----
Fighting       | 2 3 4 5 6 8 9 10 | 10.2
Armour         | 2 3 4 7 8 9 |  9.0
Evocations     | 6 |  6.1
Crossbows      | 3 4 5 9 12 | 12.0
Axes           | 2 4 5 |  5.0
Invocations    | 4 5 |  5.0
Shields        | 1 4 5 8 |  8.0
Stealth        | |  1.2
Spellcasting   | |  1.0

Action                   |  1- 3 |  4- 6 |  7- 9 | 10-12 || total
-------------------------+-------+-------+-------+-------++-------
Melee: Whip              |    58 |     2 |       |       ||    60
       Hand axe          |       |    72 |   128 |     5 ||   205
       Dagger            |       |    15 |    29 |    41 ||    85
       Punch             |       |     1 |     1 |       ||     2
       War axe           |       |       |       |   157 ||   157
 Fire: Hand crossbow     |    56 |    39 |   100 |   311 ||   506
       Hunting sling     |    15 |    49 |    35 |     2 ||   101
Throw: Stone             |    17 |       |       |       ||    17
Invok: Grow Ballistomyce |       |       |     1 |     2 ||     3
       Wall of Briars    |       |       |     1 |       ||     1
 Abil: Heal Wounds       |     1 |     5 |     5 |    12 ||    23
Evoke: Wand              |     1 |     1 |     6 |    37 ||    45
  Use: Scroll            |       |     3 |     5 |    11 ||    19
       Potion            |       |       |       |     4 ||     4
 Stab: Sleeping          |     3 |       |       |     1 ||     4
       Confused          |       |       |     1 |       ||     1
Armor: Leather armour    |    36 |    21 |       |       ||    57
       Ring mail         |       |    24 |   111 |   229 ||   364
       Chain mail        |       |       |       |     5 ||     5
       Skin              |       |       |       |     1 ||     1
Dodge: Dodged            |    90 |    44 |   102 |   176 ||   412
Block: Buckler           |       |       |    21 |    66 ||    87
       Kite shield       |       |       |       |    72 ||    72
